 Dungeon Crawl Stone Soup version 0.29-a0-721-g7f417c9bbb (webtiles) character file.

Game seed: 12079797945133246047

30 blackman the Sneak (level 3, 0/29 HPs)
             Began as a Human Delver on June 28, 2022.
             Was an Initiate of Zin.
             Slain by an orc
             ... wielding a +0 flail
              (2 damage)
             ... on level 5 of the Dungeon.
             The game lasted 00:02:32 (653 turns).

blackman the Sneak (Human Delver)                    Turns: 653, Time: 00:02:33

Health: 0/29       AC:  6    Str: 14    XL:     3   Next: 37%
Magic:  3/3        EV:  9    Int: 10    God:    Zin [......]
Gold:   13         SH:  0    Dex: 14    Spells: 2/2 levels left

rFire   . . .      SeeInvis .   q - +0 halberd
rCold   . . .      Faith    .   (shield currently unavailable)
rNeg    . . .      Spirit   .   i - +0 scale mail
rPois   .          Reflect  .   (no helmet)
rElec   .          Harm     .   (no cloak)
rCorr   .          Rampage  .   (no gloves)
Will    .....                   (no boots)
Stlth   ++........              (no amulet)
HPRegen 0.09/turn               (no ring)
MPRegen 0.08/turn               (no ring)

@: no status effects
A: no striking features
a: Renounce Religion, Donate Gold


You were on level 5 of the Dungeon.
You worshipped Zin.
Zin was noncommittal.
You visited 2 branches of the dungeon, and saw 2 of its levels.

You collected 14 gold pieces.
You donated 1 gold pieces to Zin.

Inventory:

Hand Weapons
 a - a +0 hand axe
 o - a +0 spear
 q - a +0 halberd (weapon)
Armour
 b - a +0 leather armour
 i - a +0 scale mail (worn)
 l - a +0 pair of boots
Jewellery
 h - a ring of protection from fire
 p - an amulet of faith
Wands
 g - a wand of digging (3)
 m - a wand of paralysis (7)
Scrolls
 c - a scroll of fog
 d - a scroll of magic mapping
 e - a scroll of fear
 j - a scroll of silence {unknown}
 k - a scroll of noise {unknown}
 n - a scroll of acquirement {unknown}
Potions
 f - a potion of haste


   Skills:
 - Level 3.0 Fighting
 + Level 3.5 Axes
 - Level 2.0 Dodging
 - Level 5.0 Stealth


You had 2 spell levels left.
You didn't know any spells.
Your spell library was empty.

Dungeon Overview and Level Annotations

Branches:
Dungeon (5/15)             Temple (1/1) D:5

Altars:
Ashenzari
Cheibriados
Dithmenos
Elyvilon
Fedhas
Hepliaklqana
Kikubaaqudgha
Makhleb
Nemelex Xobeh
Qazlal
Sif Muna
Trog
Uskayaw
Wu Jian
Xom
Zin
The Shining One


Message History

The gnoll is heavily wounded.
The gnoll barely misses you.
You reach to attack!
You barely miss the gnoll.
The gnoll is heavily wounded.
The gnoll hits you from afar with a +0 halberd!
You reach to attack!
You hit the gnoll.
The gnoll is almost dead.
The gnoll hits you from afar with a +0 halberd!
* * * LOW HITPOINT WARNING * * *
You are too injured to fight recklessly!
You are too injured to fight recklessly!
You are too injured to fight recklessly!
Reach: o) +0 spear
Press: ? - help, Dir - move target, f/p - gnoll
Aim: a gnoll, wielding a +0 halberd and wearing an amulet of faith (almost dead, about 35% to evade your +0 spear)
You reach to attack!
You hit the gnoll.
You kill the gnoll!
p - an amulet of faith You see here a +0 halberd.
q - a +0 halberd You start resting.
An orc comes into view. It is wielding a +0 flail.
An orc is nearby!
An orc is nearby!
An orc is nearby!
q - a +0 halberd (weapon)
Reach: q) +0 halberd
Press: ? - help, Dir - move target, f - orc
Aim: an orc, wielding a +0 flail and wearing a +0 leather armour (about 48% to evade your +0 halberd)
You reach to attack!
You hit the orc.
The orc is moderately wounded.
Reach: q) +0 halberd
Press: ? - help, Dir - move target, f/p - orc
Aim: an orc, wielding a +0 flail and wearing a +0 leather armour (moderately wounded, about 48% to evade your +0 halberd)
You closely miss the orc.
The orc is moderately wounded.
The orc hits you with a +0 flail!
* * * LOW HITPOINT WARNING * * *
The orc hits you with a +0 flail.
You die...

#.. ..# #.# #.#
#.# #.# #.# #.#
###.## #.#
#.###.#####....##
#)#
#...........#...#
#.#
#####.#####....#
#.# #.# ##..##
#.#######.#
#..###.
#..).@o...#
#.....#
###########
##.###. #.# #.#
#.# #.# #.# #.#
### ##.####


You could see an orc.

Vanquished Creatures
  2 gnolls (D:5)
  4 orcs (D:5)
  2 jackals
8 creatures vanquished.

Notes
Turn   | Place    | Note
-------+----------+-------------------------------------------
     0 | D:5      | blackman the Human Delver began the quest for the Orb.
     0 | D:5      | Reached XP level 1. HP: 18/18 MP: 1/1
    20 | D:5      | Found a staircase to the Ecumenical Temple.
    20 | D:5      | Noticed a black bear
   105 | Temple   | Entered the Ecumenical Temple
   241 | Temple   | Became a worshipper of Zin the Law-Giver
   395 | D:5      | Reached XP level 2. HP: 18/24 MP: 2/2
   465 | D:5      | Reached XP level 3. HP: 17/29 MP: 3/3
   653 | D:5      | Slain by an orc

Illustrated notes

Levels and vault maps discovered:
D:5:      layout_loops_corners, minmay_temple_entry_stoned_glass
Temple:   minmay_crystal_spiral_temple

Skill      XL: |  1  2 |
---------------+-------+-----
Axes           | 3 |  3.5
Fighting       | |  3.0
Dodging        | |  2.0
Stealth        | |  5.0

Action                   || total
-------------------------++-------
Melee: Hand axe          ||    24
       Spear             ||     9
       Halberd           ||     2
Evoke: Wand              ||     1
 Stab: Paralysed         ||     4
Armor: Scale mail        ||    10
Dodge: Dodged            ||    14

Table legend: (Time is in decaauts)
 A = Elapsed time spent in this place.
 B = Non-inter-level travel time spent in this place.
 C = Inter-level travel time spent in this place.
 D = Time resting spent in this place.
 E = Time spent auto-exploring this place.
 F = Levels seen in this place.
 G = Mean time per level.
                   A        B        C        D        E       F      G
               +--------+--------+--------+--------+--------+-----+--------+
         Total |    656 |    572 |     84 |     81 |    233 |   2 |  328.0 |
       Dungeon |    433 |    433 |      0 |     81 |    121 |   1 |  433.0 |
        Temple |    223 |    139 |     84 |      0 |    112 |   1 |  223.0 |
               +--------+--------+--------+--------+--------+-----+--------+

Top non-repeatable levels by time:
     D:5: 433 daAuts
  Temple: 223 daAuts
